 Dungeon Crawl Stone Soup version 0.15.2 (webtiles) character file.

138 MistressOfTheSands the Insei (level 5, -6/41 HPs)
             Began as a Mummy Monk on Nov 9, 2015.
             Mangled by a worker ant (7 damage)
             ... on Level 4 of the Dungeon.
             The game lasted 00:05:40 (3482 turns).

MistressOfTheSands the Insei (Mummy Monk)           Turns: 3482, Time: 00:05:40

HP  -6/41        AC  2     Str 14      XL: 5   Next:  1%
MP   5/5         EV 13     Int  9      God:
Gold 64          SH  0     Dex 15      Spells:  0 memorised,  4 levels left

rFire  x . .     SeeInvis .       - Unarmed
rCold  + . .     Clarity  .     a - +0 robe
rNeg   + + +     rCorr    .     (no shield)
rPois  +         rRot     +     (no helmet)
rElec  .         Spirit   .     (no cloak)
SustAb .         Warding  .     (no gloves)
rMut   .         Stasis   .     (no boots)
Gourm  .                        (no amulet)
MR     .....                    (no ring)
                                (no ring)

@: slowed, very slow, not resistant to hostile enchantments, unstealthy
A: no food or potions, fire vulnerability, restore body, cold resistance 1,
negative energy resistance 3, poison resistance, torment resistance, unbreathing
a: no special abilities


You were on level 4 of the Dungeon.
You were not hungry.

You visited 1 branch of the dungeon, and saw 4 of its levels.

You collected 64 gold pieces.


Innate Abilities, Weirdness & Mutations

You do not eat or drink.
Your flesh is vulnerable to fire.
Your flesh is cold resistant.
You are immune to negative energy.
Your system is resistant to poisons.
You are immune to unholy pain and torment.
You can survive without breathing.


   Skills:
 + Level 3.6 Fighting
 - Level 2.4 Dodging
 - Level 1.5 Stealth
 - Level 5.0 Unarmed Combat


You had 4 spell levels left.
You didn't know any spells.

Inventory:

Missiles
 b - 17 arrows (quivered)
Armour
 a - a +0 robe (worn)
 i - a cursed +0 leather armour
Comestibles
 k - 2 fruits
 l - a slice of pizza
Scrolls
 c - a scroll of recharging {unknown}
 d - a scroll of teleportation {unknown}
 e - a scroll of fear {unknown}
 f - a scroll of blinking {unknown}
 g - 2 scrolls of identify {unknown}
 h - a scroll of magic mapping {unknown}
 j - a scroll of enchant armour {unknown}

Dungeon Overview and Level Annotations

Branches:
Dungeon (4/15)
 Temple: D:4-7

Altars:
Qazlal

Annotations:
D:1 Avenge brother etc etc
D:4 Grinder, Natasha

### #...### ##
........###.#
#..M#.# ### #..#B#
..# #..#.# #.#
#.##.# #.# #.##h#
.5# # #....# #.#
#£###+##..#......#
#.#
#........#######.#
#.# ####....##


You could see a worker ant and Natasha (confused).


Message History

Natasha claws you.
* * * LOW HITPOINT WARNING * * *
Natasha stares at you and mumbles some strange words.
You resist.
You hit Natasha.
Natasha is heavily wounded.
Natasha stares at you.
You feel troubled. Natasha completely misses you.
You hit Natasha.
Natasha is severely wounded.
Natasha closely misses you.
You hit Natasha.
Natasha is severely wounded.
Natasha claws you!
* * * LOW HITPOINT WARNING * * *
Grinder gestures.
Grinder blinks!
Natasha casts a spell at you.
The ball explodes into a vile cloud!
The stinking cloud engulfs you!
The stinking cloud engulfs Natasha.
A worker ant comes into view.
The worker ant misses you.
Natasha is engulfed in noxious fumes.
Natasha appears confused.
Natasha is engulfed in noxious fumes.
Natasha appears confused.
The worker ant barely misses you.
You hit the worker ant.
The worker ant is lightly wounded.
The worker ant bites you!
You die...

Action                   |  1- 3 |  4- 6 || total
-------------------------+-------+-------++-------
Melee: Unarmed           |   182 |   165 ||   347
 Stab: Sleeping          |       |     1 ||     1

Vault maps used:
D:1:      scummos_arrival_simple_fountains
D:2:      overflow_temple_1_default
D:3:      lemuel_round_altar, kennysheep_generic_room_9
D:4:      lemuel_doored_altar, first_bread, nrook_mini_vaults, uniq_grinder,
          uniq_natasha

Notes
Turn   | Place    | Note
--------------------------------------------------------------
     0 | D:1      | MistressOfTheSands, the Mummy Monk, began the quest for the Orb.
     0 | D:1      | Reached XP level 1. HP: 18/18 MP: 1/1
   570 | D:1      | Reached XP level 2. HP: 21/24 MP: 2/2
   910 | D:1      | Reached skill level 4 in Unarmed Combat
  1212 | D:1      | Reached XP level 3. HP: 27/29 MP: 3/3
  1865 | D:2      | Reached XP level 4. HP: 32/35 MP: 4/4
  2461 | D:2      | Reached skill level 5 in Unarmed Combat
  2534 | D:2      | Found a stormy altar of Qazlal.
  3272 | D:4      | Reached XP level 5. HP: 22/41 MP: 5/5
  3425 | D:4      | Noticed Grinder
  3431 | D:4      | Noticed Natasha
  3433 | D:4      | Paralysed by Grinder for 6 turns
  3478 | D:4      | HP: 1/41 [Natasha (9)]
  3482 | D:4      | Mangled by a worker ant

Vanquished Creatures
  A gnoll (D:1)
  5 adders
  2 worms (D:2)
  3 giant geckos
  An ooze (D:1)
  2 orcs
  16 bats
  5 goblins
  4 hobgoblins
  10 jackals
  A ball python (D:3)
  4 giant cockroaches
  3 giant newts
  7 kobolds
  4 rats
68 creatures vanquished.
